 Dungeon Crawl Stone Soup version 0.27-a0-1189-gb8eb6cee8e (webtiles) character file.

Game seed: 9836185175795308340

366 polve the Cutter (level 6, -3/32 HPs)
             Began as a Vine Stalker Fighter on May 22, 2021.
             Slain by an ogre
             ... wielding a +0 giant club
              (17 damage)
             ... on level 4 of the Dungeon.
             The game lasted 00:02:51 (3640 turns).

polve the Cutter (Vine Stalker Fighter)             Turns: 3640, Time: 00:02:51

Health: -3/32      AC:  8    Str: 18    XL:     6   Next: 68%
Magic:  0/16       EV:  7    Int:  8    God:
Gold:   150        SH:  0    Dex: 16    Spells: 5/5 levels left

rFire    . . .     SeeInvis .   a - +0 rapier
rCold    . . .     Faith    .   c - +0 kite shield
rNeg     . . .     Spirit   +   b - +0 scale mail
rPois    .         Reflect  .   (no helmet)
rElec    .         Harm     .   g - +0 cloak
rCorr    .         Rampage  .   (no gloves)
Will     .....                  l - +0 pair of boots
Stlth    ..........             e - amulet of the acrobat
HPRegen  1.10/turn              p - ring of magical power
MPRegen  0.15/turn              (no ring)

@: confused
A: fangs 2, regeneration 1, magic shield, antimagic bite, no potion heal 2
a: no special abilities


You were on level 4 of the Dungeon.
You visited 1 branch of the dungeon, and saw 4 of its levels.

You collected 150 gold pieces.

Inventory:

Hand Weapons
 a - a +0 rapier (weapon)
Armour
 b - a +0 scale mail (worn)
 c - a +0 kite shield (worn)
 g - a +0 cloak (worn)
 l - a +0 pair of boots (worn)
Jewellery
 e - an amulet of the acrobat (around neck)
 p - a ring of magical power (left hand)
Scrolls
 i - a scroll of identify
 k - a scroll of noise {unknown}
 m - a scroll of magic mapping {unknown}
 o - 2 scrolls of fog
 r - a scroll of brand weapon {unknown}
Potions
 d - 3 potions of might
 f - 4 potions of curing {unknown}
 h - a potion of cancellation {unknown}
 j - a potion of brilliance
 n - a potion of haste {unknown}
 q - a potion of heal wounds {unknown}
 s - a potion of magic {unknown}


   Skills:
 - Level 2.6 Fighting
 + Level 6.3 Short Blades
 - Level 2.4 Armour
 - Level 2.6 Shields


You had 5 spell levels left.
You didn't know any spells.
Your spell library contained the following spells:

 Spells                   Type           Power      Damage    Failure   Level
 Animate Skeleton         Necr           0%         N/A       100%        1
 Apportation              Tloc           0%         N/A       100%        1
 Corona                   Hex            0%         N/A       100%        1
 Shock                    Conj/Air       0%         1d3       100%        1
 Summon Small Mammal      Summ           0%         N/A       100%        1
 Static Discharge         Conj/Air       0%         N/A       100%        2
 Swiftness                Air            0%         N/A       100%        3
 Airstrike                Air            0%         N/A       100%        4
 Lightning Bolt           Conj/Air       0%         1d11      100%        5


Dungeon Overview and Level Annotations

Branches:
Dungeon (4/15)
 Temple: D:4-7

Altars:
Fedhas
Kikubaaqudgha
Sif Muna


Innate Abilities, Weirdness & Mutations

You have extremely sharp teeth.
Your natural rate of healing is unusually fast.
When hurt, damage is shared between your health and your magic reserves.
Your bite disrupts and absorbs the magic of your enemies.
Potions cannot restore your health.


Message History

You barely miss the worm. You bite the worm, but do no damage.
The worm is severely wounded.
The worm barely misses you.
You puncture the worm!
You kill the worm!
No target in view!
An ogre comes into view. It is wielding a +0 giant club.
The ogre shouts!
You hear a shout! x2
There are monsters nearby!
There are monsters nearby!
A gnoll comes into view. It is wielding a +0 flail.
The gnoll shouts!
The orc wizard shouts!
The orc wizard points at itself and mumbles some strange words.
The orc wizard flickers and vanishes!
Deactivating autopickup; reactivate with Ctrl-A.
The ogre misses you.
You hit the ogre. You bite the ogre. You drain its power.
The ogre is moderately wounded.
A gnoll shaman comes into view. It is wielding a +0 whip.
You block something's attack. The ogre hits you with a +0 giant club!
You are too injured to fight recklessly!
You are too injured to fight recklessly!
You are too injured to fight recklessly!
You are too injured to fight recklessly!
You are too injured to fight recklessly!
The orc shouts!
You hear some strange, mumbled words.
You are confused.
You puncture the orc!
You kill the orc!
The gnoll hits you with a +0 flail.
You hit the ogre.
The ogre is moderately wounded.
The gnoll hits you with a +0 flail.
The ogre hits you with a +0 giant club!!
Something completely misses you. The gnoll completely misses you.
You bump into the stone wall.
Something hits you but does no damage.
The ogre hits you with a +0 giant club!!
Ouch! That really hurt!
You die...

## #..## .# ..
##..########...
#.#...)..........
#...............
#..g....g.....
#..###.#.#....
#..# #.# # #
##gO# #.# #.@.#
#.# #..####.#
#.........
#.#####.#. #.#
#.# #.# ### .. #
#.# #.. #.# ##
#.# #.# ...#


You could see an ogre, a gnoll shaman and a gnoll.

Vanquished Creatures
  2 ogres (D:4)
  A centaur skeleton (D:4)
  Natasha (D:2)
  A howler monkey skeleton (D:4)
  5 adders
  An adder skeleton (D:4)
  2 worms
  2 dart slugs
  5 orcs
  6 ball pythons
  10 endoplasms
  4 giant cockroaches
  3 goblins
  2 hobgoblins (D:3)
  6 jackals
  4 quokkas
  7 bats
  A frilled lizard (D:1)
  6 kobolds
  5 rats
74 creatures vanquished.

Notes
Turn   | Place    | Note
-------+----------+-------------------------------------------
     0 | D:1      | polve the Vine Stalker Fighter began the quest for the Orb.
     0 | D:1      | Reached XP level 1. HP: 11/11 MP: 2/2
    50 | D:1      | Reached skill level 2 in Short Blades
   466 | D:1      | Reached XP level 2. HP: 16/16 MP: 3/3
   505 | D:1      | Found a faded altar of an unknown god.
  1468 | D:1      | Reached skill level 3 in Short Blades
  1489 | D:1      | Reached XP level 3. HP: 19/19 MP: 4/4
  2345 | D:2      | Noticed Natasha
  2353 | D:2      | Killed Natasha
  2354 | D:2      | Reached skill level 4 in Short Blades
  2354 | D:2      | Gained mutation: Your natural rate of healing is unusually
                  | fast. [Vine Stalker growth]
  2354 | D:2      | Reached XP level 4. HP: 12/23 MP: 2/5
  2806 | D:3      | Reached XP level 5. HP: 27/27 MP: 6/6
  3220 | D:4      | Noticed an ogre
  3277 | D:4      | Noticed an ogre
  3286 | D:4      | Killed an ogre
  3287 | D:4      | Reached skill level 5 in Short Blades
  3287 | D:4      | Reached XP level 6. HP: 30/32 MP: 7/7
  3333 | D:4      | Found an ancient bone altar of Kikubaaqudgha.
  3338 | D:4      | Found a shimmering blue altar of Sif Muna.
  3340 | D:4      | Found a blossoming altar of Fedhas.
  3487 | D:4      | Reached skill level 6 in Short Blades
  3640 | D:4      | Slain by an ogre

Illustrated notes

Levels and vault maps discovered:
D:1:      psy_arrival_wood_between_worlds, layout_loops_ring,
          hellmonk_ecumenical_altar_heavens_door, skrybe_limestone_x,
          minmay_3d_cube
D:2:      layout_basic, uniq_natasha
D:3:      layout_basic
D:4:      layout_loops_ring, chequers_temple_overflow_statue_of_worship,
          serial_glass, glass_columns_b, glass_columns_c, minmay_bisected

Skill      XL: |  1  2  3  4  5  6 |
---------------+-------------------+-----
Short Blades   | 2 3 4 5 6 |  6.3
Fighting       | |  2.6
Armour         | |  2.4
Shields        | |  2.6

Action                   |  1- 3 |  4- 6 || total
-------------------------+-------+-------++-------
Melee: Rapier            |   104 |   137 ||   241
       Bite              |    28 |    48 ||    76
  Use: Scroll            |       |     2 ||     2
Armor: Scale mail        |    62 |    53 ||   115
Dodge: Dodged            |    24 |    46 ||    70
Block: Kite shield       |    61 |    64 ||   125

Table legend: (Time is in decaauts)
 A = Elapsed time spent in this place.
 B = Non-inter-level travel time spent in this place.
 C = Inter-level travel time spent in this place.
 D = Time resting spent in this place.
 E = Time spent auto-exploring this place.
 F = Levels seen in this place.
 G = Mean time per level.
                   A        B        C        D        E       F      G
               +--------+--------+--------+--------+--------+-----+--------+
         Total |   3706 |   3628 |     78 |      0 |   3014 |   4 |  926.5 |
       Dungeon |   3706 |   3628 |     78 |      0 |   3014 |   4 |  926.5 |
               +--------+--------+--------+--------+--------+-----+--------+

Top non-repeatable levels by time:
     D:1: 1973 daAuts
     D:2: 699 daAuts
     D:3: 633 daAuts
     D:4: 399 daAuts
